 Dungeon Crawl Stone Soup version 0.21-a0-153-g78480df (webtiles) character file.

3534 Deeps the Fighter (level 9, -4/90 HPs)
             Began as a Minotaur Fighter on Aug 2, 2017.
             Was a High Priest of Okawaru.
             Slain by a two-headed ogre
             ... wielding a +0 giant spiked club
              (16 damage)
             ... on level 8 of the Dungeon.
             The game lasted 00:17:54 (7357 turns).

Deeps the Fighter (Minotaur Fighter)                Turns: 7357, Time: 00:17:55

Health: -4/90      AC:  8    Str: 27    XL:     9   Next: 82%
Magic:  8/8        EV:  8    Int:  5    God:    Okawaru [*****.]
Gold:   533        SH: 10    Dex: 10    Spells: 8/8 levels left

rFire    + . .     SeeInvis .   a - +1 war axe
rCold    . . .     Gourm    .   c - +0 shield
rNeg     . . .     Faith    .   k - +2 ring mail {rPois}
rPois    +         Spirit   .   (helmet restricted)
rElec    .         Reflect  .   (no cloak)
rCorr    .         Harm     .   u - +0 pair of gloves
MR       .....                  (no boots)
Stlth    ..........             (no amulet)
HPRegen  0.25/turn              q - +3 ring of strength
MPRegen  0.11/turn              v - ring of protection from fire

@: no status effects
A: retaliatory headbutt, horns 2
a: Heroism, Finesse, Renounce Religion


You were on level 8 of the Dungeon.
You worshipped Okawaru.
Okawaru was extremely pleased with you.
You were not hungry.

You visited 1 branch of the dungeon, and saw 8 of its levels.

You collected 533 gold pieces.

Inventory:

Hand Weapons
 a - a +1 war axe (weapon)
 F - a +0 broad axe
Armour
 b - a +0 scale mail
 c - a +0 shield (worn)
 e - a +0 plate armour
 k - a +2 ring mail of poison resistance (worn)
 u - a +0 pair of gloves (worn)
 A - a +0 chain mail of magic resistance
Jewellery
 l - an uncursed ring of stealth
 q - a +3 ring of strength (left hand)
 r - an uncursed ring of ice
 v - a ring of protection from fire (right hand)
 D - an uncursed ring of ice
Wands
 i - a wand of polymorph (2/24)
 x - a wand of lightning (7/15)
 y - a wand of flame (25/48)
 z - a wand of acid (7/15)
 G - a wand of iceblast (9/15)
Scrolls
 h - a scroll of fog
 j - 10 scrolls of identify
 m - 2 scrolls of teleportation
 n - a scroll of fear
 s - 4 scrolls of remove curse
 H - a scroll of amnesia
Potions
 d - 3 potions of might
 p - a potion of ambrosia
 w - 2 potions of flight
 C - 2 potions of resistance
 E - a potion of heal wounds {unknown}
Books
 o - a book of Maledictions

   Spells                             Type                      Level
   a - Corona                         Hexes                        1
   b - Ensorcelled Hibernation        Hexes/Ice                    2
   c - Confuse                        Hexes                        3
   d - Tukima's Dance                 Hexes                        3
   e - Dazzling Spray                 Conjuration/Hexes            3
 B - a book of Air

   Spells                             Type                      Level
   a - Shock                          Conjuration/Air              1
   b - Swiftness                      Charms/Air                   2
   c - Static Discharge               Conjuration/Air              3
   d - Airstrike                      Air                          4
   e - Lightning Bolt                 Conjuration/Air              5
Comestibles
 f - a bread ration
 g - 4 meat rations
 t - 4 royal jellies
 I - 4 chunks of flesh


   Skills:
 + Level 12.1 Fighting
 + Level 11.9 Axes
 - Level 3.6 Armour
 - Level 3.6 Shields


You had 8 spell levels left.
You didn't know any spells.

Dungeon Overview and Level Annotations

Branches:
Dungeon (8/15)             Temple (0/1) D:5
   Lair: D:8-11

Altars:
Cheibriados
Elyvilon
Fedhas
Kikubaaqudgha
Okawaru
Qazlal
Ru
Sif Muna


Innate Abilities, Weirdness & Mutations

You reflexively headbutt those who attack you in melee.
You have a pair of horns on your head.


Message History

You completely miss the two-headed ogre.
You headbutt the two-headed ogre.
The two-headed ogre is lightly wounded.
The two-headed ogre hits you with a giant spiked club!!
The two-headed ogre hits you with a dire flail!
You slash the two-headed ogre!
The two-headed ogre is moderately wounded.
The two-headed ogre hits you with a giant spiked club!
The two-headed ogre completely misses you.
You closely miss the two-headed ogre.
The two-headed ogre is moderately wounded.
You slash the two-headed ogre! You headbutt the two-headed ogre.
The two-headed ogre is severely wounded.
The two-headed ogre hits you with a giant spiked club!!
* * * LOW HITPOINT WARNING * * *
You block the two-headed ogre's attack.
You slash the two-headed ogre!
The two-headed ogre is almost dead.
The two-headed ogre hits you with a giant spiked club!
You die...

....... .....
....... .......
....... .......
....... .......
###..Z.... ....>..
#..Z.O.... ....<..
#Z#....... .......
#O######## #......
#@# ########......
#(# #.....##......
#.# #.............
#.# #.........###.
#.#####.......##PP
#.....'.......#PP.
#######.......#PPP
#........#PPP
#........#PPP


You could see a two-headed ogre and a bullfrog zombie.

Vanquished Creatures
  A two-headed ogre (D:8)
  Grinder (D:5)
  A hippogriff (D:7)
  Menkaure (D:7)
  An orc warrior (D:8)
  A sky beast (D:6)
  2 ice beasts
  A black bear (D:6)
  The ghost of zcamperz the Shield-Bearer, an amateur FoFi (D:3)
  An ogre (D:8)
  3 centaurs
  2 phantoms
  3 bullfrogs
  A gnoll sergeant (D:7)
  A howler monkey (D:6)
  3 crimson imps
  A bullfrog zombie (D:7)
  4 jellies
  An orc priest (D:6)
  2 hounds
  3 iguanas
  9 orc wizards
  2 worker ants
  A hound zombie (D:6)
  A hound skeleton (D:7)
  Robin (D:2)
  7 gnolls (D:7)
  9 adders
  3 shadow imps
  An ooze (D:5)
  An adder skeleton (D:2)
  An adder zombie (D:5)
  2 worms
  3 dart slugs
  6 leopard geckos
  18 orcs
  A ball python (D:5)
  A bat zombie (D:2)
  4 giant cockroaches
  14 goblins
  7 hobgoblins
  17 jackals
  6 bats
  4 frilled lizards
  2 jackal skeletons
  8 kobolds
  A leopard gecko skeleton (D:6)
  2 leopard gecko zombies (D:5)
  A quokka skeleton (D:2)
  14 rats
182 creatures vanquished.

Notes
Turn   | Place    | Note
-------+----------+-------------------------------------------
     0 | D:1      | Deeps the Minotaur Fighter began the quest for the Orb.
     0 | D:1      | Reached XP level 1. HP: 19/19 MP: 0/0
   133 | D:1      | Reached XP level 2. HP: 23/27 MP: 1/1
   174 | D:1      | Reached skill level 4 in Fighting
   741 | D:2      | Reached XP level 3. HP: 31/34 MP: 2/2
   893 | D:2      | Noticed Robin
   901 | D:2      | Killed Robin
   901 | D:2      | Reached XP level 4. HP: 33/41 MP: 3/3
  1029 | D:2      | Reached skill level 5 in Fighting
  1503 | D:2      | Found an ancient bone altar of Kikubaaqudgha.
  1741 | D:3      | Found an iron altar of Okawaru.
  1756 | D:3      | Became a worshipper of Warmaster Okawaru
  1809 | D:3      | Reached skill level 5 in Axes
  1809 | D:3      | Reached XP level 5. HP: 40/48 MP: 4/4
  1810 | D:3      | Noticed zcamperz's ghost (amateur FoFi)
  1821 | D:3      | Killed zcamperz's ghost
  1878 | D:3      | Reached skill level 6 in Fighting
  1934 | D:3      | Reached XP level 6. HP: 57/57 MP: 5/5
  2415 | D:4      | Reached * piety under Okawaru
  2684 | D:4      | Reached skill level 7 in Fighting
  3218 | D:5      | Entered Level 5 of the Dungeon
  3225 | D:5      | Reached XP level 7. HP: 65/66 MP: 6/6
  3251 | D:5      | Noticed Grinder
  3270 | D:5      | Killed Grinder
  3270 | D:5      | Reached ** piety under Okawaru
  3270 | D:5      | Reached skill level 8 in Fighting
  4241 | D:5      | Found a staircase to the Ecumenical Temple.
  4331 | D:6      | Found a stormy altar of Qazlal.
  4331 | D:6      | Noticed an air elemental
  4349 | D:6      | Reached XP level 8. HP: 50/75 MP: 7/7
  4625 | D:6      | Reached skill level 9 in Fighting
  4751 | D:6      | Found an iron altar of Okawaru.
  4962 | D:6      | Found a deep blue altar of Sif Muna.
  4963 | D:6      | Found a snail-covered altar of Cheibriados.
  5432 | D:6      | Found a blossoming altar of Fedhas.
  5474 | D:7      | Noticed a hippogriff
  5487 | D:7      | Killed a hippogriff
  5487 | D:7      | Reached *** piety under Okawaru
  5487 | D:7      | Reached skill level 10 in Fighting
  5487 | D:7      | Reached skill level 10 in Axes
  5901 | D:7      | Noticed Menkaure
  5913 | D:7      | Killed Menkaure
  5913 | D:7      | Reached XP level 9. HP: 31/86 MP: 8/8
  6640 | D:7      | Found a sacrificial altar of Ru.
  6682 | D:8      | Found a white marble altar of Elyvilon.
  6700 | D:8      | Reached **** piety under Okawaru
  6700 | D:8      | Reached skill level 11 in Fighting
  7260 | D:8      | Noticed a two-headed ogre
  7265 | D:8      | Killed a two-headed ogre
  7290 | D:8      | Reached ***** piety under Okawaru
  7290 | D:8      | Reached skill level 12 in Fighting
  7342 | D:8      | Noticed a two-headed ogre
  7350 | D:8      | Received a gift from Okawaru
  7357 | D:8      | Slain by a two-headed ogre

Vault maps used:
D:1:      onia_arrival_mini_spirals
D:2:      kiku_gazebo_garden_becter, serial_undead, serial_undead_e,
          serial_undead_f, serial_undead_f, serial_undead_c, minivault_23,
          serial_bayou_pond_c, st_stairs_4, kennysheep_generic_room_14,
          uniq_robin
D:3:      kennysheep_okawaru_gauntlet
D:5:      minmay_temple_entry_poolview, first_bread, uniq_grinder
D:6:      nicolae_qazlal_style_of_elements, nicolae_overflow_hidden_temple,
          basic_altar
D:7:      marbit_many_paths, uniq_menkaure
D:8:      david_lair_shrubbed, basic_altar

Skill      XL: |  1  2  3  4  5  6  7  8  9 |
---------------+----------------------------+-----
Axes           | 3 4 5 6 8 10 11 | 11.9
Fighting       | 4 5 6 7 8 10 12 | 12.1
Armour         | |  3.6
Shields        | |  3.6

Action                   |  1- 3 |  4- 6 |  7- 9 || total
-------------------------+-------+-------+-------++-------
Melee: War axe           |    79 |   145 |   216 ||   440
       Headbutt          |    11 |    16 |    46 ||    73
       Unarmed           |       |     4 |       ||     4
       Broad axe         |       |       |     5 ||     5
Evoke: Wand              |       |       |     1 ||     1
  Use: Potion            |       |     8 |     1 ||     9
       Scroll            |       |     7 |     2 ||     9
 Stab: Sleeping          |       |     1 |       ||     1
  Eat: Chunk             |       |     6 |     2 ||     8
       Bread ration      |       |     1 |     1 ||     2
       Fruit             |       |       |     5 ||     5
Armor: Scale mail        |    23 |       |       ||    23
       Ring mail         |     8 |    59 |    78 ||   145
Dodge: Dodged            |    20 |    48 |    56 ||   124
Block: Shield            |    39 |    86 |    97 ||   222
